 Dungeon Crawl Stone Soup version 0.28-a0-1412-gf95308ed99 (webtiles) character file.

Game seed: 5104166858525455127

298 Strat the Skirmisher (level 6, -3/84 HPs)
             Began as a Draconian Wanderer on Jan 6, 2022.
             Was an Initiate of Jiyva.
             Succumbed to a water moccasin's poison
             ... on level 4 of the Dungeon.
             The game lasted 00:08:43 (4798 turns).

Strat the Skirmisher (Draconian Wanderer)           Turns: 4798, Time: 00:08:43

Health: -3/84      AC: 23    Str: 15 (16) XL:     6   Next: 13%
Magic:  7/7        EV:  2    Int:  8 (10) God:    Jiyva [......]
Gold:   173        SH:  0    Dex: 12 (13) Spells: 7/7 levels left

rFire   . . .      SeeInvis .   b - +9 quarterstaff of Compound Interest {speed, rElec}
rCold   . . .      Faith    .   (shield currently unavailable)
rNeg    . . .      Spirit   .   (armour unavailable)
rPois   +          Reflect  .   (helmet currently unavailable)
rElec   +          Harm     .   (cloak currently unavailable)
rCorr   .          Rampage  .   (gloves currently unavailable)
Will    .....      NoTele   +   (boots currently unavailable)
Stlth   +.........              (no amulet)
HPRegen 0.24/turn               (no ring)
MPRegen 0.10/turn               (no ring)

@: lethally poisoned (-3 -> -22), tree-form
A: stationary, stasis, torment immunity, boosted hp, AC +6, unfitting armour,
(cold-blooded)
a: Renounce Religion


You were on level 4 of the Dungeon.
You worshipped Jiyva.
Jiyva was noncommittal.
You were a tree.
You visited 2 branches of the dungeon, and saw 6 of its levels.

You collected 173 gold pieces.

Inventory:

Hand Weapons
 a - a +3 hunting sling
 b - the +9 quarterstaff of Compound Interest (weapon) {speed, rElec}
   (You found it on level 3 of the Dungeon)

   Attacks with this weapon are significantly faster.
   rElec:     It insulates you from electricity.
 e - a +0 dagger
 i - a +0 short sword
Missiles
 d - 7 boomerangs (quivered)
 g - 110 stones
 h - 33 sling bullets
 r - 21 poisoned darts
Armour
 k - a scarf of shadows (melded)
 m - a +1 pair of gloves (melded)
Jewellery
 p - a ring of fire
Scrolls
 n - a scroll of fog
Potions
 c - 2 potions of attraction
 f - a potion of flight
 l - a potion of degeneration
 o - a potion of heal wounds {unknown}


   Skills:
 + Level 5.3 Fighting
 - Level 4.3(5.0) Slings
 - Level 3.6(4.6) Throwing
 - Level 1.0 Unarmed Combat
 - Level 1.0 Spellcasting
 - Level 1.0 Invocations


You had 7 spell levels left.
You didn't know any spells.
Your spell library contained the following spells:

 Spells                   Type           Power      Damage    Failure   Level
 Static Discharge         Conj/Air       0%         N/A       52%         2
 Dispel Undead            Necr           0%         3d6       98%         4
 Sticky Flame             Conj/Fire      0%         2d3       98%         4
 Malign Gateway           Summ/Tloc      0%         N/A       100%        7
 Summon Horrible Things   Summ           0%         N/A       100%        8


Dungeon Overview and Level Annotations

Branches:
Dungeon (5/15)             Temple (1/1) D:4

Altars:
Dithmenos
Okawaru
Wu Jian
Zin
Jiyva


Innate Abilities, Weirdness & Mutations

You are a tree.
Your roots penetrate the ground, keeping you stationary.
You cannot be teleported.
You are immune to unholy pain and torment.
Your maximum health is greatly increased.
Your equipment is partially melded.
((Your plain brown scales are hard. (AC +6)))
You cannot fit into any form of body armour.
((You are cold-blooded and may be slowed by cold attacks.))


Message History

You climb upwards.
You feel very sick.
There is a stone staircase leading down here.
It was a potion of flight.
You feel very buoyant.
You fly up into the air.
You feel very sick. The water moccasin misses you.
Your hands tingle!
b - the +9 quarterstaff of Compound Interest (weapon)
{speed, rElec} You feel sick.
The water moccasin bites you.
* * * LOW HITPOINT WARNING * * *
You are lethally poisoned!
The water moccasin poisons you!
You sock the water moccasin!
Your tail-slap misses the water moccasin.
The water moccasin is heavily wounded.
* * * LOW HITPOINT WARNING * * *
You feel very sick. The water moccasin bites you!
* * * LOW HITPOINT WARNING * * *
It was a potion of degeneration.
There was something very wrong with that liquid.
You feel weakened.
You feel dopey.
You feel clumsy.
* * * LOW HITPOINT WARNING * * *
You feel very sick. The water moccasin bites you.
* * * LOW HITPOINT WARNING * * *
You are more poisoned.
The water moccasin poisons you!
It was a potion of lignification.
You turn into a tree.
Your scarf of shadows melds into your body.
Your +1 pair of gloves melds into your body.
The dungeon's light returns to normal.
Your roots penetrate the ground.
* * * LOW HITPOINT WARNING * * *
You feel very sick.
The water moccasin bites you but does no damage. x2
You hit the water moccasin.
The water moccasin is severely wounded.
You die...

#.# #.# #.#
#.### #.#
#.... #<#
#..## #.#
#.#.. #.#
#..## #.#
#.##
#.##########
#.###
#♣S........#
#...#
##########.#
###.# #.# #.#
###########.#
#.#
#.........).#
#.#
#.###########
#.# #.# #.#
#.# #.# #.#
#.#


You could see a water moccasin.

Vanquished Creatures
  2 orc priests
  Terence (D:2)
  Natasha (D:2)
  2 orc wizards
  A killer bee zombie (D:5)
  6 adders
  2 dart slugs (D:2)
  7 orcs
  A ball python (D:2)
  2 bats (D:1)
  An endoplasm (D:1)
  2 giant cockroaches
  3 goblins
  7 hobgoblins
  2 jackals (D:1)
  9 kobolds
  2 quokkas
  3 frilled lizards
  6 rats
60 creatures vanquished.

Vanquished Creatures (others)
  5 jellies (D:4)
  2 orc wizards (D:4)
  An adder skeleton (D:4)
  2 orcs (D:4)
  A kobold (D:4)
11 creatures vanquished.

Grand Total: 71 creatures vanquished

Notes
Turn   | Place    | Note
-------+----------+-------------------------------------------
     0 | D:1      | Strat the Draconian Wanderer began the quest for the Orb.
     0 | D:1      | Strat set off with the following items: a +2 hunting sling,
                  | 17 sling bullets, a potion of attraction, 7 boomerangs, a
                  | +0 dagger
     0 | D:1      | Reached XP level 1. HP: 14/14 MP: 2/2
   119 | D:1      | Found a faded altar of an unknown god.
   321 | D:1      | Reached skill level 1 in Fighting
   410 | D:1      | Reached XP level 2. HP: 20/23 MP: 3/3
  1425 | D:2      | Reached skill level 2 in Fighting
  1444 | D:2      | Reached XP level 3. HP: 30/30 MP: 4/4
  1473 | D:2      | Noticed Terence
  1486 | D:2      | HP: 1/30 [Terence (3)]
  1841 | D:2      | Noticed Natasha
  1849 | D:2      | Killed Natasha
  1850 | D:2      | Reached skill level 3 in Fighting
  1998 | D:2      | Reached XP level 4. HP: 38/38 MP: 5/5
  2120 | D:2      | Killed Terence
  2161 | D:2      | You fall into a shaft and drop 2 floors!
  2604 | D:3      | Identified the +9 quarterstaff of Compound Interest {speed,
                  | rElec}
  2619 | D:3      | Reached skill level 4 in Fighting
  2619 | D:3      | Reached XP level 5. HP: 43/46 MP: 6/6
  2845 | D:3      | Found a shadowy altar of Dithmenos.
  3375 | D:4      | Noticed an orc warrior
  3483 | D:4      | Found a staircase to the Ecumenical Temple.
  3501 | Temple   | Entered the Ecumenical Temple
  3607 | Temple   | Became a worshipper of Jiyva Jecreon the Shapeless
  4446 | D:5      | Entered Level 5 of the Dungeon
  4467 | D:5      | Reached skill level 5 in Fighting
  4467 | D:5      | Reached XP level 6. HP: 24/56 MP: 7/7
  4752 | D:5      | Noticed a sky beast
  4776 | D:5      | Noticed a water moccasin
  4797 | D:4      | HP: 1/84 [poisoned by a water moccasin]
  4798 | D:4      | Succumbed to a water moccasin's poison

Illustrated notes

Levels and vault maps discovered:
D:1:      dpeg_arrival_rooms_b, layout_basic,
          shapermc_ecumenical_altar_acropolis, serial_forest,
          infiniplex_forest_lined_room_3, infiniplex_forest_clump_large,
          infiniplex_forest_clump_medium, infiniplex_forest_clump_curved,
          infiniplex_forest_clump_C, infiniplex_forest_lined_room_,
          infiniplex_forest_straight_5
D:2:      layout_basic, uniq_natasha, uniq_terence
D:3:      layout_basic, mainiacjoe_overflow_24_doors
D:4:      layout_loops_ring, minmay_temple_entry_proselytizer
D:5:      layout_basic, grunt_decor_mini_mirrors, uniq_sigmund
Temple:   pf_slime_end_temple

Skill      XL: |  1  2  3  4  5 |
---------------+----------------+-----
Fighting       | 1 2 3 4 5 |  5.3
Slings         | 3 4 |  4.3
Throwing       | |  3.6
Unarmed Combat | |  1.0
Spellcasting   | |  1.0
Invocations    | |  1.0

Action                   |  1- 3 |  4- 6 || total
-------------------------+-------+-------++-------
Melee: Unarmed           |    95 |     7 ||   102
       Tailslap          |    13 |     2 ||    15
       Punch             |     1 |       ||     1
       Quarterstaff      |       |    49 ||    49
 Fire: Hunting sling     |    33 |    49 ||    82
  Use: Scroll            |       |     7 ||     7
       Potion            |       |     3 ||     3
 Stab: Sleeping          |     1 |       ||     1
Armor: Skin              |    37 |    20 ||    57
Dodge: Dodged            |    73 |    30 ||   103

Table legend: (Time is in decaauts)
 A = Elapsed time spent in this place.
 B = Non-inter-level travel time spent in this place.
 C = Inter-level travel time spent in this place.
 D = Time resting spent in this place.
 E = Time spent auto-exploring this place.
 F = Levels seen in this place.
 G = Mean time per level.
                   A        B        C        D        E       F      G
               +--------+--------+--------+--------+--------+-----+--------+
         Total |   4780 |   4616 |    164 |   1172 |   2614 |   6 |  796.7 |
       Dungeon |   4661 |   4511 |    150 |   1172 |   2520 |   5 |  932.2 |
        Temple |    118 |    104 |     14 |      0 |     94 |   1 |  118.0 |
               +--------+--------+--------+--------+--------+-----+--------+

Top non-repeatable levels by time:
     D:1: 1619 daAuts
     D:3: 1257 daAuts
     D:4: 1133 daAuts
     D:2: 535 daAuts
  Temple: 118 daAuts
     D:5: 116 daAuts
